 Dungeon Crawl Stone Soup version 0.32-a0-42-ga30500b4d3 (webtiles) character file.

Game seed: 12305347488520683372

47 seren the Grave Robber (level 3, 0/25 HPs)
             Began as a Demonspawn Necromancer on Jan 30, 2024.
             Succumbed to an adder's poison
             ... on level 2 of the Dungeon.
             The game lasted 00:03:57 (1311 turns).

seren the Grave Robber (Demonspawn Necromancer)     Turns: 1311, Time: 00:03:57

Health: 0/25       AC:  4    Str:  8    XL:     3   Next: 48%
Magic:  6/6        EV: 13    Int: 17    God:
Gold:   33         SH:  0    Dex: 19    Spells: 5/6 levels left

rFire   . . .        f - +0 whip (elec)
rCold   . . .        (no shield)
rNeg    . . .        a - +0 robe
rPois   .            (helmet restricted)
rElec   .            (no cloak)
rCorr   .            h - +0 pair of gloves
SInv    .            (no boots)
Will    +....        (no amulet)
Stlth   ++           d - +6 ring of dexterity
HPRegen 0.24/turn    (no ring)
MPRegen 0.10/turn

%: no passive effects
@: mighty, lethally poisoned (0 -> -6), enlightened, flying
A: thin metallic scales 1, antennae 1, deformed body, MP-powered wands
a: no special abilities


You were on level 2 of the Dungeon.
You visited 1 branch of the dungeon, and saw 2 of its levels.

You collected 33 gold pieces.

Inventory:

Hand Weapons
 c - a +0 dagger
 f - a +0 whip of electrocution (weapon)
Missiles
 j - 23 stones
Armour
 a - a +0 robe (worn)
 h - a +0 pair of gloves (worn)
Jewellery
 d - a +6 ring of dexterity (left hand)
Scrolls
 i - a scroll of teleportation {unknown}
 k - a scroll of revelation {unknown}
 l - 2 scrolls of identify {unknown}
Potions
 b - a potion of magic


   Skills:
 + Level 0.5 Fighting
 * Level 0.4 Maces & Flails
 + Level 2.2 Dodging
 + Level 2.3 Stealth
 + Level 2.4 Spellcasting
 + Level 4.7 Necromancy


You had 5 spell levels left.
You knew the following spells:

 Your Spells              Type           Power      Damage    Failure   Level
a - Necrotise             Necr           72%        1d7       2%          1

Your spell library contained the following spells:

 Spells                   Type           Power      Damage    Failure   Level
 Vampiric Draining        Necr           18%        2d7       8%          3
 Animate Dead             Necr           18%        N/A       26%         4
 Dazzling Flash           Conj/Hex       4%         N/A       50%         3
 Tukima's Dance           Hex            2%         N/A       50%         3
 Volatile Blastmotes      Fire/Tloc      4%         2d10      50%         3
 Curse of Agony           Necr           18%        N/A       58%         5
 Passage of Golubria      Tloc           2%         N/A       88%         4
 Yara's Violent Unravell  Hex/Alch       1%         3d3       99%         5
 Starburst                Conj/Fire      1%         6d3       100%        6
 Maxwell's Capacitive Co  Air            1%         ∞         100%        8


Dungeon Overview and Level Annotations

Branches:
Dungeon (2/15)

Altars:
Yredelemnul

Shops:
D:1 (

Annotations:
D:2 Robin


Innate Abilities, Weirdness & Mutations

You are partially covered in thin metallic scales. (AC +2)
You have a pair of small antennae on your head.
Armour fits poorly on your strangely shaped body.
You expend magic power (3 MP) to strengthen your wands.


Message History

You feel sick. The bat closely misses you. The adder bites you.
* * * LOW HITPOINT WARNING * * *
The hobgoblin hits you but does no damage.
You closely miss the hobgoblin.
The hobgoblin is almost dead.
You feel sick. The bat misses you. The adder bites you.
* * * LOW HITPOINT WARNING * * *
You are more poisoned.
The adder poisons you! The hobgoblin barely misses you. The adder misses you.
You hit the adder but do no damage.
The adder is lightly wounded.
You feel sick.
The hobgoblin hits you but does no damage.
The adder bites you.
* * * LOW HITPOINT WARNING * * *
You are lethally poisoned!
The adder poisons you!
You barely miss the adder.
The adder is lightly wounded.
* * * LOW HITPOINT WARNING * * *
You feel sick. The bat barely misses you. The hobgoblin misses you.
The adder bites you.
* * * LOW HITPOINT WARNING * * *
You are more poisoned.
The adder poisons you!
It was a potion of mutation.
You feel extremely strange.
Your body twists and deforms.
A pair of antennae grows on your head!
You feel your magical essence link to the dungeon's wands.
* * * LOW HITPOINT WARNING * * *
You feel sick. The bat barely misses you. The adder misses you.
The hobgoblin barely misses you. The adder bites you but does no damage.
It was a potion of might.
You feel very mighty all of a sudden.
* * * LOW HITPOINT WARNING * * *
You feel sick. The bat misses you. The hobgoblin closely misses you.
The adder closely misses you.
It was a potion of enlightenment.
You feel very buoyant.
You fly up into the air.
You die...

#.# #.# #.# #.# #.#
########.#######
###...............
##.....####.##..###
#>g@.b......†....#
#.S#.#.####....#.#
#...[............#
#......#########.#
#.####.# # #. #...
#. .### #. # #.


You could see an adder, a hobgoblin and a bat.

Vanquished Creatures
  3 dart slugs (D:1)
  2 ball pythons
  5 bats (D:1)
  3 endoplasms (D:1)
  2 giant cockroaches (D:1)
  7 goblins
  3 hobgoblins (D:1)
  5 kobolds
  A quokka (D:1)
  5 rats (D:1)
36 creatures vanquished.

Notes
Turn   | Place    | Note
-------+----------+-------------------------------------------
     0 | D:1      | seren the Demonspawn Necromancer began the quest for the
                  | Orb.
     0 | D:1      | Reached XP level 1. HP: 13/13 MP: 3/3
   399 | D:1      | Gained mutation: You are partially covered in thin metallic
                  | scales. (AC +2) [demonic ancestry]
   399 | D:1      | Reached XP level 2. HP: 13/19 MP: 3/5
   569 | D:1      | Found Ishiny's Weapon Emporium.
   596 | D:1      | Found a faded altar of an unknown god.
   780 | D:1      | Reached XP level 3. HP: 24/24 MP: 6/6
  1125 | D:2      | Found a basalt altar of Yredelemnul.
  1142 | D:2      | Identified the +3 helmet of Insecurity {Int+7}
  1142 | D:2      | Noticed Robin
  1309 | D:2      | Gained mutation: Armour fits poorly on your strangely
                  | shaped body. [potion of mutation]
  1309 | D:2      | Gained mutation: You have a pair of small antennae on your
                  | head. [potion of mutation]
  1309 | D:2      | Gained mutation: You expend magic power (3 MP) to
                  | strengthen your wands. [potion of mutation]
  1311 | D:2      | Succumbed to an adder's poison

Illustrated notes

Levels and vault maps discovered:
D:1:      saegor_arrival_miasma, layout_loops_cross, serial_shops, shop,
          nicolae_ecumenical_lake_church
D:2:      layout_basic, basic_altar, uniq_crazy_yiuf_cottage, uniq_robin

Skill      XL: |  1 |
---------------+----+-----
Dodging        | 2 |  2.2
Stealth        | 2 |  2.3
Fighting       | |  0.5
Maces & Flails | |  0.4
Spellcasting   | |  2.4
Necromancy     | |  4.7

Action                     || total
---------------------------++-------
  Melee: Dagger            ||    22
         Whip              ||    92
         Punch             ||     2
   Cast: Necrotise         ||     5
    Use: Potion            ||     3
   Stab: Sleeping          ||     6
 Armour: Robe              ||    85
  Dodge: Dodged            ||    96

Table legend: (Time is in decaauts)
 A = Elapsed time spent in this place.
 B = Non-inter-level travel time spent in this place.
 C = Inter-level travel time spent in this place.
 D = Time resting spent in this place.
 E = Time spent auto-exploring this place.
 F = Levels seen in this place.
 G = Mean time per level.
                   A        B        C        D        E       F      G
               +--------+--------+--------+--------+--------+-----+--------+
         Total |   1320 |   1310 |     10 |    233 |    599 |   2 |  660.0 |
       Dungeon |   1320 |   1310 |     10 |    233 |    599 |   2 |  660.0 |
               +--------+--------+--------+--------+--------+-----+--------+

Top non-repeatable levels by time:
     D:1: 1201 daAuts
     D:2: 118 daAuts
